[Event "Team 45 45 League T26"]
[Site "Internet Chess Club"]
[Date "2005.03.27"]
[Round "2"]
[White "BosqueVerde"]
[Black "Dalcon"]
[Result "0-1"]
[WhiteElo "1220"]
[BlackElo "1167"]
[TimeControl "2700+45"]

1. d4 d5 2. c4 e6 3. Nc3 c6 4. cxd5 exd5 5. Qc2 Nf6 6. Bg5 Be7 7. e3 Nbd7 8. Bd3
g6 9. Nf3 Nb6 10. h3 Nh5 11. Bh6 Bf6 12. O-O Qe7 13. Rfe1 Be6 14. e4 dxe4 15.
Rxe4 Nd5 16. Nxd5 cxd5 17. Bb5+ Kd8 18. Re3 Qb4 19. a4 Rc8 20. Qe2 Qd6 21. Ng5
Bxd4 22. Nxf7+ Bxf7 23. Bg5+ Bf6 24. Bxf6+ Qxf6 25. Rf3 Nf4 26. Qd1 g5 27. g4 h5
28. a5 hxg4 29. hxg4 Qh6 30. Qxd5+ Bxd5 31. Rxf4 Qh1# {White checkmated} 0-1

[Event "Team 45 45 League T26"]
[Site "Internet Chess Club"]
[Date "2005.03.26"]
[Round "2"]
[White "GLuft"]
[Black "EyeAm"]
[Result "0-1"]
[WhiteElo "1000"]
[BlackElo "1226"]
[TimeControl "2700+45"]

1. e4 e5 2. Nf3 Nf6 3. Nc3 Nc6 4. Bc4 h6 5. d4 d6 6. d5 Na5 7. Bb5+ Bd7 8. Qe2
c6 9. dxc6 Nxc6 10. a3 Be7 11. h3 Nd4 12. Nxd4 exd4 13. Bxd7+ Qxd7 14. Nb5 O-O
15. Nxd4 Rfe8 16. Nf5 Bd8 17. f3 Bc7 18. Bf4 d5 19. Bxc7 Qxc7 20. O-O-O dxe4 21.
Rhe1 exf3 22. Qxf3 Rac8 23. Nd6 Qxc2# {White checkmated} 0-1

[Event "Team 45 45 League T26"]
[Site "Internet Chess Club"]
[Date "2005.03.24"]
[Round "2"]
[White "clarinetref"]
[Black "wojozim"]
[Result "1-0"]
[WhiteElo "1446"]
[BlackElo "1377"]
[TimeControl "2700+45"]

1. Nf3 c5 2. c4 Nc6 3. d4 cxd4 4. Nxd4 d6 5. Nc2 Nf6 6. Nc3 g6 7. b3 Bg7 8. Bb2
O-O 9. Rb1 Be6 10. g3 Qa5 11. Bg2 Rfd8 12. O-O d5 13. cxd5 Nxd5 14. Nxd5 Bxd5
15. Qc1 Bxg2 16. Kxg2 Bxb2 17. Rxb2 Rd2 18. Re1 Nd4 19. b4 Qd5+ 20. e4 Qg5 21.
Nxd4 e5 22. Nf3 Rxb2 23. Nxg5 Rxa2 24. Qc4 Rxf2+ 25. Kxf2 Rf8 26. Ke3 h6 27. Nf3
Kg7 28. Nxe5 f6 29. Qc7+ Kg8 30. Nxg6 Rf7 31. Qc8+ Kg7 32. Qf5 b5 33. Rf1 {Black
resigns} 1-0

[Event "Team 45 45 League T26"]
[Site "Internet Chess Club"]
[Date "2005.03.27"]
[Round "2"]
[White "sdcohle"]
[Black "jientho"]
[Result "0-1"]
[WhiteElo "1316"]
[BlackElo "1342"]
[TimeControl "2700+45"]

1. d4 Nf6 2. c4 c5 3. e3 cxd4 4. exd4 d5 5. Nf3 Nc6 6. Be2 dxc4 7. Bxc4 e6 8.
O-O a6 9. Nc3 b5 10. Bb3 b4 11. Ne2 Bd6 12. h3 O-O 13. Bf4 Bb7 14. Nd2 Bxf4 15.
Nxf4 Qxd4 16. Ne2 Qa7 17. Nf3 Rfd8 18. Qc2 Rac8 19. Rad1 Nd4 20. Rxd4 Rxd4 21.
Qb1 Rd6 22. Ne5 Rc5 23. Nc4 Rd7 24. Qe1 a5 25. Ne3 Ba6 26. Kh1 Bxe2 27. Qxe2 Re5
28. Qc4 Rc7 29. Qd3 Rd7 30. Qc4 Qc7 31. Qe2 Nd5 32. Qf3 Nxe3 33. fxe3 Rf5 34.
Qe2 Rd2 35. Qe1 Rxf1+ 36. Qxf1 Qd6 37. Qe1 Rxb2 38. Qc1 Rd2 39. Qc8+ Qd8 40. Qc5
Qa8 41. Qg5 a4 42. e4 axb3 43. axb3 Rd1+ 44. Kh2 Rb1 45. Qe3 Qb8+ 46. e5 f6 47.
g3 Qxe5 48. h4 Qxe3 49. Kh3 Rh1+ 50. Kg4 f5+ 51. Kh5 g6# {White checkmated} 0-1

[Event "Team 45 45 League T26"]
[Site "Internet Chess Club"]
[Date "2005.03.26"]
[Round "2"]
[White "slakkjaw"]
[Black "chessterbaggins"]
[Result "0-1"]
[WhiteElo "1219"]
[BlackElo "1195"]
[TimeControl "2700+45"]

1. d4 b6 2. c4 e6 3. a3 Nf6 4. Nc3 Be7 5. e4 Bb7 6. e5 Ne4 7. Qc2 Nxc3 8. Qxc3
O-O 9. f3 Bh4+ 10. g3 Bg5 11. h4 Bxc1 12. Qxc1 Nc6 13. Ne2 Na5 14. Qc2 Bxf3 15.
Rh2 Bh5 16. O-O-O Bg6 17. Qc3 d6 18. Nf4 Bf5 19. Bd3 Bg4 20. Rg1 dxe5 21. d5
exf4 22. gxf4 h5 23. Rhg2 Qxh4 24. Be2 g6 25. Bxg4 hxg4 26. Rxg4 Qh7 27. c5 exd5
28. f5 d4 29. Qd3 bxc5 30. b4 cxb4 31. axb4 Nc6 32. Qc4 Ne5 33. fxg6 Qh6+ 34.
Kb2 Nxc4+ 35. Kb3 Ne5 36. gxf7+ Kh8 {White resigns} 0-1

[Event "Team 45 45 League T26"]
[Site "Internet Chess Club"]
[Date "2005.03.24"]
[Round "2"]
[White "Rojo"]
[Black "Knight-Rookie"]
[Result "1-0"]
[WhiteElo "1167"]
[BlackElo "1151"]
[TimeControl "2700+45"]

1. e4 e5 2. Nf3 Nc6 3. Bb5 Bc5 4. d3 h6 5. O-O Qf6 6. Re1 Nge7 7. Be3 Bxe3 8.
Rxe3 d5 9. exd5 Nxd5 10. Rxe5+ Be6 11. Bxc6+ bxc6 12. c4 Nf4 13. Nc3 Rd8 14. Ne4
Qg6 15. g3 Nxd3 16. Qe2 Nxe5 17. Nxe5 Qf5 18. Nxc6 Ra8 19. Rd1 O-O 20. Ne7+ Kh8
21. Nxf5 Bxf5 22. Nc5 Rae8 23. Qf3 Re5 24. Nd7 Be4 25. Qc3 Ree8 26. Nxf8 Rxf8
27. Qe3 f5 28. Qc5 Rb8 29. Qxc7 Rxb2 30. Qd8+ Kh7 31. c5 Rxa2 32. Rc1 a5 33. c6
Bxc6 34. Rxc6 Ra1+ 35. Kg2 a4 36. Ra6 a3 37. Qa8 h5 38. Rxa3 Rxa3 39. Qxa3 g5
40. Qd6 g4 41. Qf6 Kg8 42. Qxf5 Kg7 43. Qxh5 Kf6 44. Qxg4 Ke7 45. Qf5 Kd6 46. h4
Ke7 47. h5 Kd6 48. h6 Ke7 49. h7 Kd6 50. h8=Q Ke7 51. Qff6+ Kd7 52. Qh7+ Kc8
{Black resigns} 1-0

[Event "Team 45 45 League T26"]
[Site "Internet Chess Club"]
[Date "2005.03.28"]
[Round "2"]
[White "SpeedBlade"]
[Black "claymil"]
[Result "0-1"]
[WhiteElo "1509"]
[BlackElo "1658"]
[TimeControl "2700+45"]

1. d4 d5 2. c4 e6 3. g3 Nf6 4. Bg2 Be7 5. Nf3 Bd7 6. O-O dxc4 7. Ne5 Bc6 8. Nxc6
Nxc6 9. Bxc6+ bxc6 10. Nc3 c5 11. Qa4+ Qd7 12. Qxc4 cxd4 13. Rd1 c5 14. Bg5 Rc8
15. Rac1 O-O 16. Bxf6 gxf6 17. Ne4 Qb7 18. Qc2 f5 19. Nd2 Rfd8 20. Nc4 f6 21.
Rd3 Kf7 22. Rb3 Qe4 23. Qd2 f4 24. f3 Qf5 25. g4 Qg5 26. Rb7 h5 27. Qd3 f5 28.
Ne5+ Ke8 29. h3 hxg4 30. fxg4 f3 31. Rf1 fxe2 32. Qxe2 Qe3+ 33. Rf2 Qxe2 34.
Rxe2 d3 35. Rd2 c4 36. gxf5 exf5 37. Rxa7 Bc5+ 38. Kg2 Bxa7 {White resigns} 0-1

[Event "Team 45 45 League T26"]
[Site "Internet Chess Club"]
[Date "2005.03.28"]
[Round "2"]
[White "spaceways"]
[Black "GhostMate"]
[Result "1-0"]
[WhiteElo "1631"]
[BlackElo "1652"]
[TimeControl "2700+45"]

1. e4 e5 2. Nf3 d6 3. Bc4 f5 4. d3 Nf6 5. Nc3 c6 6. Bg5 Be7 7. Bxf6 Bxf6 8. Qd2
Qe7 9. a3 Be6 10. O-O Nd7 11. Bxe6 Qxe6 12. exf5 Qxf5 13. Ne4 O-O-O 14. Nxd6+
{Black resigns} 1-0

[Event "Team 45 45 League T26"]
[Site "Internet Chess Club"]
[Date "2005.03.25"]
[Round "2"]
[White "gamlinginn"]
[Black "Bthoven"]
[Result "1/2-1/2"]
[WhiteElo "1619"]
[BlackElo "1577"]
[TimeControl "2700+45"]

1. Nf3 d5 2. e3 Nf6 3. d4 e6 4. Nbd2 Nbd7 5. Be2 c5 6. c4 dxc4 7. Nxc4 cxd4 8.
Nxd4 Bb4+ 9. Bd2 Bxd2+ 10. Qxd2 O-O 11. O-O Nb6 12. Rfd1 Nxc4 13. Bxc4 Qc7 14.
b3 Rd8 15. Qe1 a6 16. Rac1 Qe7 17. Rd2 Bd7 18. Rcd1 Rac8 19. a4 Ne4 20. Rc2 Rc7
21. Rdc1 Rdc8 22. Bd3 Rxc2 23. Rxc2 Rxc2 24. Bxc2 Nf6 25. Qd1 Qd6 26. Nf3 Qxd1+
27. Bxd1 Bc6 28. Ne5 Bd5 29. f3 b6 30. e4 Bb7 31. Be2 Kf8 32. g4 Ke7 33. Kf2
{Game drawn by mutual agreement} 1/2-1/2

[Event "Team 45 45 League T26"]
[Site "Internet Chess Club"]
[Date "2005.03.27"]
[Round "2"]
[White "Lmcl"]
[Black "KirkB"]
[Result "0-1"]
[WhiteElo "1601"]
[BlackElo "1572"]
[TimeControl "2700+45"]

1. e4 c5 2. Nf3 Nc6 3. d4 cxd4 4. Nxd4 g6 5. Be3 Bg7 6. Be2 Nf6 7. Nc3 O-O 8. f4
d5 9. e5 Ne8 10. O-O f6 11. exf6 exf6 12. Bg4 Bxg4 13. Qxg4 f5 14. Qd1 Qb6 15.
Nxf5 Qxb2 16. Qxd5+ Kh8 17. Nxg7 Qxc3 18. Bd2 Qxg7 19. Qc4 Qf7 20. Bc3+ Kg8 21.
Qe4 Nf6 22. Qf3 Rad8 23. Rab1 Nd5 24. Bb2 Nxf4 25. Qc3 Ne2+ {White resigns} 0-1

[Event "Team 45 45 League T26"]
[Site "Internet Chess Club"]
[Date "2005.04.02"]
[Round "2"]
[White "Mississippian"]
[Black "samwise479"]
[Result "0-1"]
[WhiteElo "1376"]
[BlackElo "1390"]
[TimeControl "2700+45"]

1. c4 e5 2. Nc3 Nf6 3. g3 d5 4. e3 d4 5. Nb5 a6 6. Na3 Bxa3 7. Qa4+ Nc6 8. Qxa3
Bf5 9. Bg2 dxe3 10. fxe3 Qd6 11. b3 Nb4 12. Kd1 Bg4+ 13. Bf3 Ne4 14. Bxg4 Nc3+
{White resigns} 0-1

[Event "Team 45 45 League T26"]
[Site "Internet Chess Club"]
[Date "2005.03.24"]
[Round "2"]
[White "JSC"]
[Black "billarvola"]
[Result "0-1"]
[WhiteElo "1854"]
[BlackElo "1975"]
[TimeControl "2700+45"]

1. e4 e5 2. f4 exf4 3. Nf3 d6 4. d4 g5 5. h4 g4 6. Ng1 Qf6 7. Ne2 Bh6 8. Nbc3
Ne7 9. g3 fxg3 10. Nxg3 Bxc1 11. Rxc1 Qf4 12. Nce2 Qh6 13. h5 Nbc6 14. Bg2 f5
15. exf5 Nxf5 16. Bxc6+ bxc6 17. Nxf5 Bxf5 18. Ng3 O-O 19. O-O Qe3+ 20. Kg2 Be4+
21. Nxe4 Qxe4+ 22. Kh2 Rxf1 23. Qxf1 Qxd4 24. c3 Qe5+ 25. Kh1 Rf8 26. Qg1 Qxh5+
27. Kg2 Qh3# {White checkmated} 0-1

[Event "Team 45 45 League T26"]
[Site "Internet Chess Club"]
[Date "2005.03.26"]
[Round "2"]
[White "nminwalla"]
[Black "zota"]
[Result "1/2-1/2"]
[WhiteElo "1832"]
[BlackElo "1870"]
[TimeControl "2700+45"]

1. e4 c5 2. Nf3 d6 3. d4 cxd4 4. Nxd4 Nf6 5. Nc3 a6 6. Be2 e5 7. Nb3 Be7 8. O-O
Be6 9. f4 Qc7 10. Kh1 Nbd7 11. Qd3 exf4 12. Bxf4 Ne5 13. Qg3 Ng6 14. Be3 h5 15.
Nd4 Bd7 16. Nf5 h4 17. Qf2 Bxf5 18. Qxf5 Ne5 19. Bd4 g6 20. Qh3 Qd7 21. Qxd7+
Nexd7 22. Rad1 O-O 23. Bxf6 Nxf6 24. Nd5 Nxd5 25. Rxd5 Rac8 26. c3 Rc5 27. Rd3
Kg7 28. Bf3 b6 29. Rfd1 Ra5 30. a3 Rb5 31. b4 Rc8 32. Bg4 Rc4 33. Bf3 Re5 34.
Re1 a5 35. Kg1 axb4 36. axb4 Rc7 37. Kf1 Ra7 38. Bd1 Ra3 39. h3 Kf6 40. Bg4 Kg5
41. Rf3 f6 42. Bd7 Kh6 43. Bc6 Ra2 44. Rf2 Rxf2+ 45. Kxf2 f5 46. Kf3 Bf6 47. c4
fxe4+ 48. Rxe4 Rxe4 49. Kxe4 Bc3 50. b5 Kg5 51. Kd5 Bb4 52. Ke6 Kf4 53. Bd5
{Game drawn by mutual agreement} 1/2-1/2

[Event "Team 45 45 League T26"]
[Site "Internet Chess Club"]
[Date "2005.03.27"]
[Round "2"]
[White "burnsja2003"]
[Black "vvsi"]
[Result "1-0"]
[WhiteElo "1822"]
[BlackElo "1633"]
[TimeControl "2700+45"]

1. d4 Nf6 2. c4 Nc6 3. d5 Ne5 4. e3 d6 5. Be2 c5 6. Nf3 Nxf3+ 7. Bxf3 g6 8. O-O
Bg7 9. Nd2 O-O 10. Re1 b6 11. e4 Nd7 12. Rb1 Ba6 13. Be2 Rb8 14. a4 f5 15. Qc2
fxe4 16. Nxe4 Bd4 17. Rf1 Ne5 18. b3 Bc8 19. h3 e6 20. Bg5 Qc7 21. Be3 exd5 22.
cxd5 Bxh3 23. Bxd4 Nf3+ 24. Bxf3 Rxf3 25. gxh3 Rbf8 26. Be3 Qd7 27. Ng5 Rxh3 28.
Nxh3 Qxh3 29. Qe4 Rf3 30. Qe6+ {Black resigns} 1-0

[Event "Team 45 45 League T26"]
[Site "Internet Chess Club"]
[Date "2005.04.02"]
[Round "2"]
[White "pork"]
[Black "allanchs"]
[Result "0-1"]
[WhiteElo "1525"]
[BlackElo "1628"]
[TimeControl "2700+45"]

1. e4 e5 2. Nf3 Nc6 3. Bc4 Bc5 4. d3 Nf6 5. Be3 Bxe3 6. fxe3 d6 7. Ng5 O-O 8.
O-O Na5 9. Bxf7+ Rxf7 10. Nxf7 Kxf7 11. Qh5+ Kg8 12. Qg5 Be6 13. Nd2 Ng4 14.
Qxd8+ Rxd8 15. Rfe1 Rf8 16. Nf3 Nc6 17. a3 Nf6 18. Ng5 Bd7 19. h3 h6 20. Nf3 Be6
21. d4 Nxe4 22. dxe5 dxe5 23. Rad1 Nd6 24. Nh4 Ne4 25. Nf3 g5 26. Kh2 g4 27. Ng1
g3+ {White resigns} 0-1

[Event "Team 45 45 League T26"]
[Site "Internet Chess Club"]
[Date "2005.03.26"]
[Round "2"]
[White "Thorin"]
[Black "NFK"]
[Result "1-0"]
[WhiteElo "1791"]
[BlackElo "1600"]
[TimeControl "2700+45"]

1. e4 d6 2. d4 Nf6 3. Nc3 g6 4. Be3 c6 5. Qd2 Nbd7 6. f3 Bg7 7. Nge2 Nb6 8. b3
a5 9. a4 Nbd7 10. Ng3 b6 11. Bh6 O-O 12. Bxg7 Kxg7 13. Bc4 e5 14. Nge2 exd4 15.
Nxd4 Ne5 16. Be2 Bb7 17. Rd1 d5 18. exd5 Nxd5 19. O-O Qh4 20. Nxd5 cxd5 21. Bb5
Rac8 22. Rfe1 Nc6 23. Nxc6 Bxc6 24. Bxc6 Rxc6 25. Qxd5 Rxc2 26. Qe5+ Kg8 27. Qe3
Qb4 28. Rd4 Qc5 29. Red1 Rc3 30. R1d3 Rxd3 31. Rxd3 Rc8 32. Qxc5 Rxc5 33. Rd8+
Kg7 34. Rb8 Rc6 35. Kf2 h5 36. h4 Kf6 37. g3 Re6 38. Rb7 Rc6 39. Ke2 Ke6 40. Kd3
Rd6+ 41. Kc4 Kf6 42. g4 hxg4 43. fxg4 Re6 44. Kd5 Re5+ 45. Kd4 Re6 46. g5+ Kf5
47. Rxf7+ Kg4 48. Rh7 Rc6 49. Re7 Kxh4 50. Re5 Rd6+ 51. Kc4 Rc6+ 52. Kd4 Rd6+
53. Ke4 Rc6 54. Kd3 Rd6+ 55. Ke4 Rc6 56. Rb5 Kh5 57. Kf4 Re6 58. Rd5 Rc6 59. Rd1
{Black resigns} 1-0

[Event "Team 45 45 League T26"]
[Site "Internet Chess Club"]
[Date "2005.03.28"]
[Round "2"]
[White "SkatingBishop"]
[Black "qs16"]
[Result "1/2-1/2"]
[WhiteElo "1781"]
[BlackElo "1792"]
[TimeControl "2700+45"]

1. d4 Nf6 2. c4 e6 3. Nc3 b6 4. e4 Bb4 5. Bd3 Bb7 6. Qc2 Bxc3+ 7. bxc3 d6 8. Ne2
e5 9. O-O c5 10. d5 O-O 11. Ng3 Bc8 12. f4 Ng4 13. f5 Nxh2 14. Kxh2 Qh4+ 15. Kg1
Qxg3 16. Rf3 Qe1+ 17. Rf1 Qg3 18. Rf3 Qe1+ 19. Rf1 Qh4 20. Rf3 Nd7 21. Be3 Nf6
22. Bf2 Qg4 23. Rg3 Qf4 24. Rf3 Qg4 25. Rg3 Qf4 26. Rf3 {Game drawn by mutual
agreement} 1/2-1/2

[Event "Team 45 45 League T26"]
[Site "Internet Chess Club"]
[Date "2005.03.25"]
[Round "2"]
[White "PackAttack"]
[Black "chinta"]
[Result "0-1"]
[WhiteElo "1683"]
[BlackElo "1638"]
[TimeControl "2700+45"]

1. d4 e6 2. Nf3 Nf6 3. Bf4 d5 4. e3 Nh5 5. Bg3 Nxg3 6. hxg3 Bd7 7. Nbd2 Qe7 8.
Bd3 g6 9. Ne5 Bg7 10. Ndf3 Nc6 11. Nxc6 Bxc6 12. c3 O-O-O 13. a4 f6 14. b4 e5
15. Bb5 Rd6 16. Qb3 Qf7 17. Bxc6 bxc6 18. b5 Kd7 19. dxe5 fxe5 20. bxc6+ Rxc6
21. Ng5 Qg8 22. Rd1 e4 23. Rxd5+ Kc8 24. Qb5 Bxc3+ 25. Ke2 Rb6 26. Qd7+ Kb7 27.
Nxe4 Rb2+ 28. Kd3 Ba5 29. Nc5+ Kb8 30. Na6+ Kb7 31. Rb5+ Rxb5 32. Qxb5+ Bb6 33.
a5 Qa2 34. Rb1 Rd8+ 35. Ke4 Qe6+ 36. Kf3 Rf8+ 37. Ke2 Rxf2+ 38. Kd1 Qd6+ {White
resigns} 0-1

[Event "Team 45 45 League T26"]
[Site "Internet Chess Club"]
[Date "2005.03.25"]
[Round "2"]
[White "Murdock"]
[Black "trikmamak"]
[Result "0-1"]
[WhiteElo "1990"]
[BlackElo "2275"]
[TimeControl "2700+45"]

1. g3 c6 2. f4 d5 3. Nf3 h5 4. Bg2 h4 5. Nxh4 Rxh4 6. gxh4 e5 7. fxe5 Qxh4+ 8.
Kf1 Nh6 9. Qe1 Qf4+ 10. Qf2 Qxe5 11. d4 Qh5 12. Bxh6 Qxh6 13. Nc3 Nd7 14. e4
dxe4 15. Nxe4 b6 16. Re1 Ba6+ 17. Kg1 O-O-O 18. Qxf7 Bb4 19. c3 Rf8 20. Qb3 Be7
21. Qc2 Bh4 22. Ng3 Kc7 23. Bf1 Bb7 24. Bd3 Qg5 25. Kg2 Nf6 26. Rhf1 Bxg3 27.
hxg3 c5+ 28. Be4 Nxe4 29. Rxe4 Rxf1 30. Kxf1 Qf5+ 31. Ke2 Bxe4 32. Qd2 Qf3+ 33.
Ke1 Qxg3+ 34. Kd1 g5 35. dxc5 bxc5 36. b4 Qg1+ 37. Ke2 Qg2+ 38. Ke1 Qxd2+ 39.
Kxd2 g4 40. Ke3 g3 41. a4 Kb6 42. Ke2 a5 {White resigns} 0-1

[Event "Team 45 45 League T26"]
[Site "Internet Chess Club"]
[Date "2005.03.27"]
[Round "2"]
[White "LeifEricson"]
[Black "LadyLuck"]
[Result "1-0"]
[WhiteElo "1829"]
[BlackElo "1812"]
[TimeControl "2700+45"]

1. d4 Nf6 2. Bf4 d5 3. h3 c5 4. e3 Qb6 5. b3 g6 6. Ne2 Bg7 7. Nd2 Nc6 8. Nf3 Ne4
9. c3 Qa5 10. Qc2 Bf5 11. g4 Nb4 12. cxb4 Qxb4+ 13. Nd2 Nxd2 14. Qxd2 Qxd2+ 15.
Kxd2 Be4 16. Rg1 Rc8 17. Rc1 c4 18. bxc4 dxc4 19. Ng3 Bd5 20. e4 Bc6 21. Rxc4 b5
22. Rxc6 Rxc6 23. Bxb5 Kd7 24. d5 Bc3+ 25. Kd3 e5 26. Bxc6+ Kd6 27. Be3 {Black
resigns} 1-0

[Event "Team 45 45 League T26"]
[Site "Internet Chess Club"]
[Date "2005.03.27"]
[Round "2"]
[White "Vombat"]
[Black "Ruger"]
[Result "1-0"]
[WhiteElo "2204"]
[BlackElo "2163"]
[TimeControl "2700+45"]

1. g4 d5 2. Bg2 Bxg4 3. c4 d4 4. Bxb7 Nd7 5. Bxa8 Qxa8 6. f3 e5 7. d3 Be7 8. h4
f5 9. e4 fxe4 10. fxg4 exd3 11. Qf3 e4 12. Qg2 Qb7 13. Nd2 Nc5 14. b3 Nf6 15. g5
Nh5 16. Nh3 O-O 17. Ba3 Re8 18. Bxc5 Bxc5 19. O-O-O Qb4 20. Nxe4 Rxe4 21. Rxd3
Re8 22. Qd5+ Kh8 23. Qc6 Rf8 24. Rf3 Nf4 25. Nxf4 Rxf4 26. Qe8+ Rf8 27. Rxf8+
Bxf8 28. Qe1 Qd6 29. Qe4 h6 30. Rd1 c5 31. Rf1 Qe7 32. Qxe7 Bxe7 33. Rf7 Bd6 34.
g6 h5 35. Rxa7 Kg8 36. Ra8+ Bf8 37. a4 {Black resigns} 1-0

[Event "Team 45 45 League T26"]
[Site "Internet Chess Club"]
[Date "2005.03.29"]
[Round "2"]
[White "asonjay2k"]
[Black "DavidBarnsley"]
[Result "0-1"]
[WhiteElo "2107"]
[BlackElo "1982"]
[TimeControl "2700+45"]

1. e4 e6 2. d4 d5 3. Nc3 Nf6 4. Bg5 Be7 5. e5 Ne4 6. Nxe4 dxe4 7. Bxe7 Qxe7 8.
c3 O-O 9. Bc4 c5 10. Qe2 f5 11. exf6 Qxf6 12. dxc5 Nd7 13. h4 Nxc5 14. Nh3 Bd7
15. Ng5 b5 16. Qe3 Rac8 17. Be2 h6 18. Nh3 e5 19. h5 Nd3+ 20. Bxd3 exd3 21. f3
e4 22. O-O Bxh3 23. fxe4 Qxf1+ 24. Rxf1 Rxf1+ 25. Kxf1 Rd8 26. Qd2 Bg4 27. Ke1
Be2 28. b3 Bxh5 29. a3 Bg6 30. Qf4 d2+ 31. Kd1 Bf7 32. c4 bxc4 33. bxc4 Bxc4 34.
Qf3 Rd3 35. Qxd3 Bxd3 36. e5 Be4 37. g3 Kf7 38. Kxd2 Ke6 39. Ke3 Kxe5 40. a4 a5
{White resigns} 0-1

[Event "Team 45 45 League T26"]
[Site "Internet Chess Club"]
[Date "2005.03.28"]
[Round "2"]
[White "steve"]
[Black "Erik21"]
[Result "1-0"]
[WhiteElo "1932"]
[BlackElo "1791"]
[TimeControl "2700+45"]

1. e4 e6 2. d4 d5 3. e5 c5 4. c4 Ne7 5. dxc5 Qa5+ 6. Nc3 Qxc5 7. cxd5 exd5 8.
Nf3 Bg4 9. Qa4+ Bd7 10. Bb5 Nbc6 11. Be3 Qb4 12. O-O-O Qxa4 13. Bxa4 Be6 14. Nb5
Kd7 15. Nd6 Kc7 16. Kb1 a6 17. Rc1 Ng6 18. Bxc6 bxc6 19. Bc5 f6 20. Nd4 Bd7 21.
e6 Bxd6 22. exd7 Ne5 23. f4 Nc4 24. d8=Q+ Kxd8 25. Rxc4 dxc4 26. Bxd6 Re8 27.
Rc1 Kd7 28. Bc5 Re4 29. Rxc4 Rxf4 30. a3 Re8 31. Rc2 Re5 32. Bb6 c5 33. Nf3 Re6
34. Bxc5 g5 35. Rd2+ Kc7 36. Bb4 g4 37. Nd4 Rf1+ 38. Ka2 Re4 39. Nb3 Re6 40.
Ba5+ Kb8 41. Rd8+ Ka7 42. Rd7+ Ka8 43. Nd4 Rd1 44. Rd8+ Kb7 45. Nxe6 {Black
resigns} 1-0

[Event "Team 45 45 League T26"]
[Site "Internet Chess Club"]
[Date "2005.03.25"]
[Round "2"]
[White "Gregorio"]
[Black "elnik"]
[Result "1-0"]
[WhiteElo "2028"]
[BlackElo "1925"]
[TimeControl "2700+45"]

1. e4 c5 2. Nf3 Nc6 3. d4 cxd4 4. Nxd4 Nf6 5. Nc3 e5 6. Nxc6 bxc6 7. a3 d5 8.
exd5 cxd5 9. Bg5 d4 10. Qf3 Rb8 11. Ne4 Be7 12. Nxf6+ Bxf6 13. Bxf6 Qxf6 14.
Qxf6 gxf6 15. b3 Bf5 16. Kd2 Ke7 17. Re1 Rbc8 18. Bc4 Rhd8 19. f3 Rc7 20. g4 Be6
21. Bd3 h5 22. h3 Bd5 23. g5 Rg8 24. Rhg1 fxg5 25. Rxe5+ Kd6 26. Rexg5 Rxg5 27.
Rxg5 Bxf3 28. Rf5 Bd5 29. Rxh5 Re7 30. Rh6+ Be6 31. Be4 Rc7 32. h4 Ke5 33. Bd3
Rc8 34. Rh5+ Kf4 35. Ra5 Rc7 36. Ra4 Ke5 37. b4 f5 38. Ra5+ Kf4 39. Be2 Kg3 40.
Re5 Bc8 41. h5 Rh7 42. Kd3 f4 43. Kxd4 f3 44. Bd3 Rh6 45. Ke3 Bg4 46. c4 f2 47.
c5 Kg2 48. Rg5 Kg3 49. b5 Re6+ 50. Kd4 Kh4 51. Re5 Rf6 52. Bf1 Bh3 53. Re4+ Kg3
54. Re3+ Kh2 55. Rxh3+ Kg1 56. Bd3 Rf8 57. Kc3 Kg2 58. Re3 Rf5 59. Kd4 Rxh5 60.
Re4 Rh3 61. Rf4 Kg3 62. Rf6 {Black resigns} 1-0

[Event "Team 45 45 League T26"]
[Site "Internet Chess Club"]
[Date "2005.03.26"]
[Round "2"]
[White "azbycx"]
[Black "A-Ru"]
[Result "0-1"]
[WhiteElo "1863"]
[BlackElo "1949"]
[TimeControl "2700+45"]

1. d4 e6 2. c4 d5 3. Nc3 c6 4. e3 Bd6 5. Nf3 f5 6. Bd3 Qf6 7. Bd2 Nd7 8. Qc2 Nh6
9. h3 O-O 10. O-O-O Nf7 11. c5 Bc7 12. Ne2 Nd8 13. Nh2 e5 14. dxe5 Nxe5 15. Bc3
Nxd3+ 16. Qxd3 Qe7 17. Bd4 Ne6 18. Qc3 Bd7 19. Nf3 b6 20. cxb6 axb6 21. a3 Nxd4
22. Nexd4 c5 23. Nb3 Bc6 24. Nbd4 Ba4 25. b3 cxd4 26. Nxd4 Be5 27. bxa4 Rfc8 28.
Nc6 Qd6 29. Qxe5 Rxc6+ {White resigns} 0-1

[Event "Team 45 45 League T26"]
[Site "Internet Chess Club"]
[Date "2005.03.27"]
[Round "2"]
[White "zeke16"]
[Black "alexcolins"]
[Result "1-0"]
[WhiteElo "1950"]
[BlackElo "1712"]
[TimeControl "2700+45"]

1. d4 d5 2. c4 e6 3. Nc3 c6 4. Nf3 Nf6 5. Bg5 h6 6. Bh4 Nbd7 7. e3 Bb4 8. Bd3
Qa5 9. Qc2 dxc4 10. Bxc4 Nb6 11. Bxf6 gxf6 12. Bb3 Rg8 13. g3 Bd7 14. Rc1 Ke7
15. a3 Bxc3+ 16. Qxc3 Qf5 17. Nd2 Nd5 18. Qc5+ Kd8 19. e4 Qh5 20. exd5 exd5 21.
O-O Kc7 22. Rfe1 b6 23. Qxd5 Rg5 24. Qf3 Qh3 25. Re7 Kd8 26. Qxf6 Rf5 27. Rxd7+
Kxd7 28. Qxc6+ Ke7 29. Re1+ Kf8 30. Qxa8+ Kg7 31. Qe8 Qg4 32. Qe4 Qg5 33. Nf3
Qf6 34. Qg4+ Kf8 35. Ne5 Ke7 36. Nxf7+ Kd7 37. Be6+ Qxe6 38. Rxe6 Kxe6 39. Nxh6
{Black resigns} 1-0

[Event "Team 45 45 League T26"]
[Site "Internet Chess Club"]
[Date "2005.03.26"]
[Round "2"]
[White "deathmage"]
[Black "Beats20Cents"]
[Result "0-1"]
[WhiteElo "1662"]
[BlackElo "1817"]
[TimeControl "2700+45"]

1. e4 e5 2. Nf3 Nc6 3. c4 Nf6 4. d3 h6 5. h3 Bc5 6. Nc3 O-O 7. Be3 Bxe3 8. fxe3
d6 9. Qd2 Re8 10. Be2 Be6 11. O-O-O Rb8 12. g4 Nh7 13. Rdg1 f6 14. d4 Bf7 15. d5
Ne7 16. Bd3 Kh8 17. h4 Rg8 18. g5 Bh5 19. Qg2 a6 20. Be2 Qe8 21. Nd2 g6 22. Rh3
fxg5 23. hxg5 Nxg5 24. Rg3 Qf7 25. Rf1 Qg7 26. Bxh5 gxh5 27. Nf3 Rbf8 28. Rg1
Rxf3 {White resigns} 0-1